 Dungeon Crawl Stone Soup version 0.30-a0-330-g8f2769a82d (webtiles) character file.

Game seed: 4264289665418168112

215 Engwar the Insei (level 5, -1/33 HPs)
             Began as an Octopode Transmuter on Oct 29, 2022.
             Slain by Grinder (3 damage)
             ... on level 4 of the Dungeon.
             The game lasted 00:07:05 (3056 turns).

Engwar the Insei (Octopode Transmuter)              Turns: 3056, Time: 00:07:06

Health: -1/33      AC:  1    Str: 10    XL:     5   Next: 92%
Magic:  8/8        EV: 10    Int: 17    God:
Gold:   167        SH:  0    Dex: 12    Spells: 2/8 levels left

rFire   + . .      SeeInvis .      - Unarmed
rCold   + . .      Faith    .    (no shield)
rNeg    . . .      Spirit   .    (helmet currently unavailable)
rPois   +          Reflect  .    (no amulet)
rElec   +          Harm     .    (no ring)
rCorr   +          Rampage  .    (no ring)
Will    .....                    (no ring)
Stlth   +++.......               (no ring)
HPRegen 0.25/turn                (no ring)
MPRegen 0.11/turn                (no ring)
                                 (no ring)
                                 (no ring)

@: about to teleport, appendages, resistant, grasped by roots, constricted
A: tentacle spike 3, almost no armour, amphibious, 8 rings, camouflage 1,
gelatinous body 1, (nimble swimmer 1), tentacles
a: End Transformation


You were on level 4 of the Dungeon.
One of your tentacles had grown a beastly spike.
You visited 1 branch of the dungeon, and saw 4 of its levels.

You collected 167 gold pieces.

Inventory:

Jewellery
 i - a +4 ring of slaying
Wands
 j - a wand of flame (10)
Scrolls
 d - 2 scrolls of identify
 g - a scroll of amnesia
 h - a scroll of enchant weapon
 m - 3 scrolls of magic mapping
Potions
 a - 2 potions of lignification
 b - a potion of curing
 e - 3 potions of flight
 k - a potion of brilliance
 l - a potion of cancellation


   Skills:
 - Level 1.0 Fighting
 - Level 2.0 Dodging
 - Level 3.0 Stealth
 + Level 4.4 Unarmed Combat
 - Level 2.0 Spellcasting
 + Level 3.8 Transmutations
 + Level 2.2 Poison Magic


You had 2 spell levels left.
You knew the following spells:

 Your Spells              Type           Power      Damage    Failure   Level
a - Beastly Appendage     Tmut           28%        N/A       4%          1
b - Wereblood             Tmut           14%        N/A       6%          2
c - Spider Form           Tmut/Pois      12%        N/A       17%         3

Your spell library contained the following spells:

 Spells                   Type           Power      Damage    Failure   Level
 Ice Form                 Ice/Tmut       8%         N/A       65%         4


Dungeon Overview and Level Annotations

Branches:
Dungeon (4/15)
 Temple: D:4-7

Altars:

Shops:
D:2 [

Annotations:
D:4 Eustachio, Grinder


Innate Abilities, Weirdness & Mutations

One of your tentacles has grown a beastly spike.
You cannot wear most types of armour.
You are amphibious.
You can wear up to eight rings at the same time.
Your skin changes colour to match your surroundings (Stealth+).
Your rubbery body absorbs attacks. (AC +1, EV +1)
((You are camouflaged when in or above water. (Stealth+)))
You have tentacles for arms and can constrict up to eight enemies at once.


Message History

One of your tentacles grows a vicious spike.
The giant cockroach closely misses you.
You closely miss the giant cockroach. You grab the giant cockroach.
You squeeze the giant cockroach.
You kill the giant cockroach!
You see here a giant cockroach corpse.
Your transformation is almost over.
Grinder comes into view.
She is carrying a wand of roots (6).
Okay, then.
As you read the scroll of identify, it crumbles to dust.
c - a potion of resistance
As you read the scroll of identify, it crumbles to dust.
k - a potion of brilliance
As you read the scroll of identify, it crumbles to dust.
l - a potion of cancellation Your tentacle spike disappears.
Casting: Beastly Appendage (safe; 4% risk of failure)
Confirm with . or Enter, or press ? or * to list all spells.
One of your tentacles grows a vicious spike.
The helpless Grinder fails to defend herself.
You tentacle-slap Grinder. You grab Grinder. You squeeze Grinder.
Grinder is lightly wounded.
You constrict Grinder. Grinder hits you!
You writhe in agony.
You feel protected.
You constrict Grinder, but do no damage.
Grinder zaps a wand.
The roots erupt in riotous growth!
The grasping roots grab you!
Grinder is unaffected.
The grasping roots constrict you!
* * * LOW HITPOINT WARNING * * *
You barely miss Grinder.
Grinder is lightly wounded.
You constrict Grinder. Grinder hits you but does no damage.
The grasping roots constrict you.
* * * LOW HITPOINT WARNING * * *
As you read the scroll labelled QUATTO VOAXKA, it crumbles to dust.
You feel strangely unstable.
It was a scroll of teleportation.
You constrict Grinder. Grinder hits you.
* * * LOW HITPOINT WARNING * * *
You writhe in agony.
You die...

.#.#.##.#
.#.#.##.#
.#.#.##.#
.#.#.##.#
.#.#....#####
.#.....†....#
.##########.#
.#
#.########.#
.#
#.....@5...#
<#
##########.#
##


You could see Grinder.

Vanquished Creatures
  An orc priest (D:4)
  A gnoll bouda (D:4)
  Jessica (D:2)
  An iguana (D:4)
  2 gnolls (D:4)
  An adder (D:2)
  2 dart slugs
  6 orcs
  5 ball pythons
  5 endoplasms
  5 giant cockroaches
  9 goblins
  6 hobgoblins
  4 jackals
  2 quokkas (D:1)
  6 bats
  A frilled lizard (D:2)
  3 kobolds
  7 rats
68 creatures vanquished.

Notes
Turn   | Place    | Note
-------+----------+-------------------------------------------
     0 | D:1      | Engwar the Octopode Transmuter began the quest for the Orb.
     0 | D:1      | Reached XP level 1. HP: 13/13 MP: 3/3
    78 | D:1      | Reached skill level 1 in Stealth
    99 | D:1      | Reached XP level 2. HP: 17/18 MP: 5/5
   115 | D:1      | Learned a level 2 spell: Wereblood
   535 | D:1      | Reached XP level 3. HP: 23/23 MP: 6/6
   539 | D:1      | Learned a level 3 spell: Spider Form
  1217 | D:2      | Found a faded altar of an unknown god.
  1304 | D:2      | Found Ucsaibba's Antique Armour Boutique.
  1611 | D:2      | Noticed Jessica
  1624 | D:2      | Killed Jessica
  1625 | D:2      | Reached XP level 4. HP: 6/28 MP: 1/7
  2567 | D:4      | Reached skill level 4 in Unarmed Combat
  2567 | D:4      | Reached skill level 1 in Poison Magic
  2567 | D:4      | Reached XP level 5. HP: 33/33 MP: 5/8
  2595 | D:4      | Noticed Eustachio
  3039 | D:4      | Noticed Grinder
  3056 | D:4      | Slain by Grinder

Illustrated notes

Levels and vault maps discovered:
D:1:      roderic_crossed_star, layout_rooms, wad_floor_pattern_untrapped
D:2:      minmay_angry_zag, layout_basic, serial_shops, nicolae_lakefront_shop,
          ebering_ecumenical_altar_petrified, st_stairs_9, uniq_jessica
D:3:      layout_basic
D:4:      layout_basic, grunt_temple_overflow_lords_of_destruction,
          kennysheep_generic_room_9, uniq_eustachio, uniq_grinder

Skill      XL: |  1  2  3  4  5 |
---------------+----------------+-----
Stealth        | 1 2 3 |  3.0
Transmutations | 3 |  3.8
Unarmed Combat | 4 |  4.4
Poison Magic   | 1 2 |  2.2
Fighting       | |  1.0
Dodging        | |  2.0
Spellcasting   | |  2.0

Action                   |  1- 3 |  4- 6 || total
-------------------------+-------+-------++-------
Melee: Unarmed           |   109 |    55 ||   164
       Tentacles         |    24 |     7 ||    31
       Constrict         |    29 |    16 ||    45
       Punch             |     4 |       ||     4
       Kick              |     2 |     8 ||    10
 Cast: Beastly Appendage |     2 |     7 ||     9
       Spider Form       |     1 |     3 ||     4
  Use: Scroll            |     4 |     8 ||    12
       Potion            |       |     1 ||     1
 Stab: Sleeping          |     6 |     6 ||    12
       Distracted        |     1 |     1 ||     2
Armor: Skin              |    12 |     5 ||    17
Dodge: Dodged            |    72 |    34 ||   106

Table legend: (Time is in decaauts)
 A = Elapsed time spent in this place.
 B = Non-inter-level travel time spent in this place.
 C = Inter-level travel time spent in this place.
 D = Time resting spent in this place.
 E = Time spent auto-exploring this place.
 F = Levels seen in this place.
 G = Mean time per level.
                   A        B        C        D        E       F      G
               +--------+--------+--------+--------+--------+-----+--------+
         Total |   3045 |   2911 |    134 |    329 |   1998 |   4 |  761.2 |
       Dungeon |   3045 |   2911 |    134 |    329 |   1998 |   4 |  761.2 |
               +--------+--------+--------+--------+--------+-----+--------+

Top non-repeatable levels by time:
     D:2: 1200 daAuts
     D:3: 751 daAuts
     D:1: 659 daAuts
     D:4: 433 daAuts
